 Dungeon Crawl Stone Soup version 0.30-b1-2-g02819fbbbe (webtiles) character file.

Game seed: 1911658842702107804

693161 coenern the Storm Dragon (level 27, -10/216 HPs)
             Began as a Black Draconian Fire Elementalist on Aug 18, 2023.
             Was the Champion of Vehumet.
             Killed from afar by a quicksilver dragon (38 damage)
             ... with a bolt of dispelling energy
             ... on level 5 of the Realm of Zot on Aug 21, 2023.
             The game lasted 10:17:13 (111366 turns).

coenern the Storm Dragon (DrFE)                   Turns: 111366, Time: 10:17:16

Health: -10/216    AC: 23    Str: 15 (16) XL:     27
Magic:  15/46      EV: 36    Int: 32      God:    Vehumet [******]
Gold:   4037       SH: 15    Dex: 21 (23) Spells: 27/65 levels left

rFire   + + +        a - +9 double sword (holy)
rCold   + + +        U - +2 shield of Resistance {rF++ rC++ Will++}
rNeg    + + +        (body armour unavailable)
rPois   +            e - +2 hood of the Assassin {Detect Stab+ Stlth++}
rElec   +            k - +2 cloak {Will+}
rCorr   .            V - +2 pair of gloves {Str+3}
SInv    +            B - +1 pair of boots of Vehumet's Pride {rC+ Dex+2 Slay+3}
Will    +++++        P - amulet "Usch" {Acrobat rPois rF+ Str+2}
Stlth   ++++++++     i - ring "Wegy" {rN++ Dex+6}
HPRegen 0.56/turn    L - ring of Past Mistakes {Drain rN+ Int+6 SInv}
MPRegen 0.30/turn

%: acrobat
@: acrobatic, flying, very slightly contaminated
A: breathe lightning, AC +13, unfitting armour, big wings, electricity
resistance, cold-blooded, hooves 1, frail 1, screaming 1
}: 4/15 runes: decaying, serpentine, slimy, silver
a: Breathe Lightning, Renounce Religion


You were on level 5 of the Realm of Zot.
You worshipped Vehumet.
Vehumet was exalted by your worship.
You visited 12 branches of the dungeon, and saw 56 of its levels.
You visited the Abyss 2 times.
You also visited: Bailey and Ice Cave.

You collected 8632 gold pieces.
You spent 4595 gold pieces at shops.

Inventory:

Hand Weapons
 a - a +9 double sword of holy wrath (weapon)
 b - a +12 double sword of chaos
Armour
 e - the +2 hood of the Assassin (worn) {Detect Stab+ Stlth++}
   (You found it in a bailey)

   Detect:    It allows the wearer to sense nearby creatures.
   Stab+:     It allows the wearer to make particularly effective stabbing
   attacks against helpless or unaware enemies with any weapon.
   Stlth:     It makes you much more stealthy.
 k - a +2 cloak of willpower (worn)
 p - the +3 cloak "Xuracol" {rN++ Will- Int+5}
   (You found it on level 2 of the Crypt)

   Int:       It affects your intelligence (+5).
   rN:        It greatly protects you from negative energy.
   Will:      It decreases your willpower.
 B - the +1 pair of boots of Vehumet's Pride (worn) {rC+ Dex+2 Slay+3}
   (You acquired it on level 5 of the Pits of Slime)

   Dex:       It affects your dexterity (+2).
   Slay:      It affects your accuracy & damage with ranged weapons and melee
   (+3).
   rC:        It protects you from cold.
 U - the +2 shield of Resistance (worn) {rF++ rC++ Will++}
   (You bought it in a shop on level 2 of the Orcish Mines)

   rF:        It greatly protects you from fire.
   rC:        It greatly protects you from cold.
   Will:      It greatly increases your willpower.
 V - a +2 pair of gloves of strength (worn)
Magical Staves
 c - the staff of fire "Heluq" {rF+ Will++ Dex+2}
   (You found it on level 4 of the Swamp)

   [staff of fire]

   Base accuracy: +5 Base damage: 5 Base attack delay: 1.2 This weapon's minimum
   attack delay (0.6) is reached at skill level 12.
   Dex:       It affects your dexterity (+2).
   rF:        It protects you from fire.
   Will:      It greatly increases your willpower.
   It falls into the 'Staves' category.
   It is a one-handed weapon.
 d - a staff of air
 q - a staff of conjuration
Jewellery
 f - a +5 ring of evasion
 i - the ring "Wegy" (left hand) {rN++ Dex+6}
   (You bought it in a shop on level 11 of the Dungeon)

   [ring of dexterity]

   Dex:       It affects your dexterity (+6).
   rN:        It greatly protects you from negative energy.
 L - the ring of Past Mistakes (right hand) {Drain rN+ Int+6 SInv}
   (You bought it in a shop on level 2 of the Orcish Mines)

   [ring of positive energy]

   Int:       It affects your intelligence (+6).
   rN:        It protects you from negative energy.
   SInv:      It lets you see invisible.
   Drain:     It drains your maximum health when unequipped.
 P - the amulet "Usch" (around neck) {Acrobat rPois rF+ Str+2}
   (You found it on level 3 of the Snake Pit)

   [amulet of the acrobat]

   It increases your evasion while moving and waiting.
   Str:       It affects your strength (+2).
   rF:        It protects you from fire.
   rPois:     It protects you from poison.
 Y - a ring of resist corrosion
Wands
 l - a wand of paralysis (87)
 r - a wand of flame (69)
 v - a wand of polymorph (15)
 x - a wand of mindburst (70)
 D - a wand of roots (31)
 H - a wand of digging (17)
 R - a wand of quicksilver (42)
Scrolls
 g - 12 scrolls of fear
 h - 8 scrolls of fog
 o - 4 scrolls of silence
 w - 11 scrolls of amnesia
 y - 11 scrolls of vulnerability
 C - 10 scrolls of immolation
 F - 4 scrolls of blinking
 J - 5 scrolls of butterflies
 K - 23 scrolls of teleportation
 N - 4 scrolls of torment
 S - 3 scrolls of acquirement
 W - 11 scrolls of magic mapping
Potions
 j - 13 potions of lignification
 m - 23 potions of curing
 n - 4 potions of resistance
 s - 7 potions of cancellation
 z - 4 potions of magic
 A - 3 potions of invisibility
 E - 3 potions of might
 G - 15 potions of mutation
 I - 6 potions of haste
 T - 7 potions of heal wounds
 X - 5 potions of ambrosia
 Z - 12 potions of brilliance
Miscellaneous
 t - a phial of floods (inert)
 u - a phantom mirror


   Skills:
 + Level 18.7 Fighting
 - Level 16.0 Long Blades
 + Level 14.0 Dodging
 + Level 13.0 Stealth
 - Level 10.0 Shields
 + Level 19.6 Spellcasting
 + Level 22.7 Conjurations
 - Level 7.0 Necromancy
 - Level 10.7 Fire Magic
 - Level 5.5 Ice Magic
 O Level 27 Air Magic
 + Level 6.8 Earth Magic
 - Level 8.8 Evocations


You had 27 spell levels left.
You knew the following spells:

 Your Spells              Type           Power      Damage    Failure   Level
a - Foxfire               Conj/Fire      100%       2x1d9     0%          1
b - Scorch                Fire           100%       2d9       1%          2
c - Flame Wave            Conj/Fire      95%        2d20      1%          4
d - Airstrike             Air            58%        2d(9-25)  0%          4
e - Freezing Cloud        Conj/Ice/Air   49%        6-21      1%          5
f - Maxwell's Capacitive  Air            58%        ∞         1%          8
g - Chain Lightning       Conj/Air       56%        3d75      2%          9
h - Borgnjor's Vile Clut  Necr/Erth      33%        N/A       4%          5

Your spell library contained the following spells:

 Spells                   Type           Power      Damage    Failure   Level
 Polar Vortex             Ice            30%        N/A       100%        9
 Magic Dart               Conj           100%       1d8       0%          1
 Shock                    Conj/Air       100%       1d9       0%          1
 Searing Ray              Conj           100%       2d8       0%          2
 Hailstorm                Conj/Ice       89%        3d18      0%          3
 Swiftness                Air            100%       N/A       0%          3
 Arcjolt                  Conj/Air       56%        1d66      0%          5
 Freeze                   Ice            100%       1d10      1%          1
 Necrotise                Necr           100%       1d9       1%          1
 Sandblast                Erth           100%       2d20      1%          1
 Cigotuvi's Dreadful Rot  Necr/Pois/Air  100%       N/A       1%          2
 Ensorcelled Hibernation  Hex/Ice        98%        N/A       1%          2
 Passwall                 Tmut/Erth      43%        N/A       1%          2
 Sublimation of Blood     Necr           66%        N/A       1%          2
 Dazzling Flash           Conj/Hex       100%       N/A       1%          3
 Frozen Ramparts          Ice            100%       1d16      1%          3
 Ignite Poison            Fire/Tmut/Pois 52%        N/A       1%          3
 Inner Flame              Hex/Fire       60%        N/A       1%          3
 Vampiric Draining        Necr           66%        2d10      1%          3
 Volatile Blastmotes      Fire/Tloc      100%       2d18      1%          3
 Animate Dead             Necr           66%        N/A       1%          4
 Fulminant Prism          Conj/Hex       40%        3d19      1%          4
 Iskenderun's Mystic Bla  Conj/Tloc      81%        2d16      1%          4
 Sticky Flame             Conj/Fire      95%        2d10      1%          4
 Summon Lightning Spire   Summ/Air       87%        N/A       1%          4
 Iron Shot                Conj/Erth      45%        9d9       1%          6
 Starburst                Conj/Fire      47%        6d13      1%          6
 Orb of Destruction       Conj           54%        9d14      1%          7
 Beastly Appendage        Tmut           62%        N/A       2%          1
 Slow                     Hex            100%       N/A       2%          1
 Summon Small Mammal      Summ           100%       N/A       2%          1
 Wereblood                Tmut           31%        N/A       3%          2
 Agony                    Necr           66%        N/A       4%          5
 Spellforged Servitor     Conj/Summ      40%        N/A       5%          7
 Anguish                  Hex/Necr       26%        N/A       6%          4
 Petrify                  Tmut/Erth      52%        N/A       6%          4
 Call Canine Familiar     Summ           31%        N/A       8%          3
 Confusing Touch          Hex            31%        N/A       8%          3
 Gell's Gravitas          Tloc           31%        N/A       8%          3
 Spider Form              Tmut/Pois      31%        N/A       8%          3
 Summon Guardian Golem    Hex/Summ       31%        N/A       8%          3
 Teleport Other           Tloc           31%        N/A       8%          3
 Tukima's Dance           Hex            31%        N/A       8%          3
 Ice Form                 Ice/Tmut       49%        N/A       8%          4
 Summon Ice Beast         Ice/Summ       49%        N/A       8%          4
 Storm Form               Tmut/Air       43%        N/A       9%          7
 Yara's Violent Unravell  Hex/Tmut       15%        3d8       17%         5
 Metabolic Englaciation   Hex/Ice        24%        N/A       22%         5
 Cause Fear               Hex            15%        N/A       26%         4
 Passage of Golubria      Tloc           31%        N/A       26%         4
 Simulacrum               Ice/Necr       32%        N/A       28%         6
 Ignition                 Fire           39%        3d12      45%         8
 Fire Storm               Conj/Fire      47%        8d12      54%         9
 Alistair's Intoxication  Tmut/Pois      20%        N/A       56%         5
 Blade Hands              Tmut           15%        N/A       56%         5
 Summon Forest            Summ/Tloc      15%        N/A       56%         5
 Summon Mana Viper        Hex/Summ       31%        N/A       56%         5
 Eringya's Noxious Bog    Tmut/Pois      15%        N/A       65%         6
 Statue Form              Tmut/Erth      34%        N/A       67%         6
 Dispersal                Tloc           15%        N/A       98%         6
 Summon Cactus Giant      Summ           15%        N/A       98%         6
 Haunt                    Necr/Summ      26%        N/A       99%         7
 Dragon Form              Tmut           15%        N/A       100%        7
 Enfeeble                 Hex            15%        N/A       100%        7
 Monstrous Menagerie      Summ           15%        N/A       100%        7
 Summon Hydra             Summ           15%        N/A       100%        7
 Infestation              Necr           33%        N/A       100%        8
 Dragon's Call            Summ           15%        N/A       100%        9
 Shatter                  Erth           33%        3d27*     100%        9
 Animate Armour           Summ/Erth      Unusable   N/A       N/A         4

Dungeon Overview and Level Annotations

Branches:
Dungeon (15/15)            Temple (1/1) D:5            Lair (5/5) D:10
  Swamp (4/4) Lair:2        Snake (4/4) Lair:2        Slime (5/5) Lair:4
    Orc (2/2) D:11            Elf (3/3) Orc:2        Vaults (5/5) D:13
  Crypt (3/3) Vaults:2       Tomb (0/3) Crypt:3      Depths (4/4) D:15
    Zot (5/5) Depths:4     Bailey (visited)           IceCv (visited)

Altars:
Ashenzari
Cheibriados
Dithmenos
Elyvilon
Fedhas
Gozag
Hepliaklqana
Kikubaaqudgha
Makhleb
Nemelex Xobeh
Okawaru
Qazlal
Ru
Sif Muna
Trog
Uskayaw
Vehumet
Wu Jian
Xom
Yredelemnul
Zin
The Shining One

Shops:
D:6 (   D:7 (   D:9 [   D:11 =   Orc:2 ?=![   Elf:2 *   Vaults:1 *
Vaults:2 (*   Vaults:4 !*[=   Depths:1 *   Depths:4 *

Portals:
Hell: Depths:1 Depths:2 Depths:3 Depths:4
Abyss: Swamp:4 Depths:2 Depths:3 Depths:4
Pandemonium: Depths:2
Ziggurat: Depths:2

Annotations:
D:9 Erica
Lair:5 exclusion: obsidian statue
Vaults:3 2 transporters, heteroy's ghost, veteran GrEE
Crypt:3 exclusion: downstairs
Zot:2 1 runed translucent door, octothorp's ghost, legendary OpEE
Zot:3 2 transporters, Dawneret's ghost, master GnFi; Heisao's ghost, legendary TrBe; Jofris Vesimp's ghost, legendary GnFE


Innate Abilities, Weirdness & Mutations

You can breathe wild blasts of lightning.
Your glossy black scales are hard. (AC +13)
You cannot fit into any form of body armour.
Your large and strong wings let you fly.
You are resistant to electric shocks. (rElec)
You are cold-blooded and may be slowed by cold attacks.
You have large cloven feet.
You are frail. (-10% HP)
You occasionally shout uncontrollably at your foes.


Message History

Confirm with . or Enter, or press ? or * to list all spells.
You miscast Chain Lightning.
You are very lightly contaminated with residual magic.
A wave of violent energy washes through your body!
* * * LOW HITPOINT WARNING * * *
The quicksilver dragon barely misses you.
The quicksilver dragon completely misses you.
The quicksilver dragon attacks as you move away!
The quicksilver dragon bites you!
* * * LOW HITPOINT WARNING * * *
The quicksilver dragon claws you but does no damage.
The quicksilver dragon breathes dispelling energy at you.
The bolt of dispelling energy misses you.
The quicksilver dragon attacks as you move away!
The quicksilver dragon misses you.
The quicksilver dragon completely misses you.
You block the quicksilver dragon's attack.
The quicksilver dragon claws you!
* * * LOW HITPOINT WARNING * * *
Casting: Chain Lightning (dangerous; 2% risk of failure)
Confirm with . or Enter, or press ? or * to list all spells.
Aiming: Borgnjor's Vile Clutch (mildly dangerous; 4% risk of failure)
Press: ? - help, Shift-Dir - straight line, f - shadow dragon
Aim: a shadow dragon (100% to hit)
Zombie hands grab the quicksilver dragon.
Zombie hands grab the green draconian monk.
Zombie hands grab the shadow dragon.
The zombie hands constrict the shadow dragon.
The zombie hands constrict the quicksilver dragon!
The zombie hands constrict the green draconian monk.
You block the quicksilver dragon's attack.
The quicksilver dragon completely misses you.
The shadow dragon struggles to escape constriction.
The zombie hands constrict the shadow dragon!
The zombie hands constrict the quicksilver dragon.
The zombie hands constrict the green draconian monk!
The quicksilver dragon escapes!
The quicksilver dragon breathes dispelling energy at you.
The bolt of dispelling energy hits you!!!
You die...

.........##.####.##.# #.......
......⌠..##.####.##.######.......
.........'..<[...........+.......
......)..##.####.##.######.......
...?.....##.# #.##.# #.......
[.....)..##.# #.##.# ##.......
#######'###.# #.##.#####........
#.......(# #.##.....'.^....<.
#..####### #@##.#####[.......
#..# #D##.# #........
#..##########.##.# #........
#.......[....q...# #........
#.###########.##.# #.......= #.#
#D##.## #........ #.# #.....#
#........ #.# #####.# #........
#.# #.# ######'##


You could see a shadow dragon (clutched), a green draconian monk (clutched) and
a quicksilver dragon (catching breath).

Vanquished Creatures
  the Royal Jelly (Slime:5)
  4 orbs of fire
  7 dread liches
  Mara (Depths:1)
  An ancient lich (Zot:5)
  A juggernaut (Depths:2)
  Bai Suzhen (Snake:4)
  The ghost of Xenat the Impregnable, a veteran MiGl of Hepliaklqana (Crypt:2)
  12 Killer Klowns
  the Lernaean hydra (Swamp:4)
  Frederick (Vaults:3)
  3 curse toes
  Saint Roka (Elf:3)
  the Enchantress (Depths:1)
  17 golden dragons
  3 profane servitors
  Nikola (Vaults:3)
  4 bone dragons
  The ghost of Darold the Black Belt, an adept HuVM of Elyvilon (Swamp:4)
  3 electric golems
  A walking crystal tome (Depths:4)
  A shard shrike skeleton (Crypt:3)
  23 tentacled monstrosities
  7 liches
  Jorgrun (Snake:2)
  Mlioglotl (Swamp:2)
  Rupert (D:15)
  9 titans
  4 deep elf blademasters
  15 Orb Guardians (Zot:5)
  2 walking frostbound tomes (Zot:4)
  12 quicksilver dragons
  21 acid blobs
  2 deep elf master archers (Elf:3)
  8 death cobs
  3 tentacled starspawn (Abyss:6)
  4 sphinxes
  A thorn hunter (Swamp:3)
  Kirke (Snake:3)
  4 ancient champions (Crypt:3)
  9 tengu reavers
  10 draconian monks
  7 rockslimes
  12 storm dragons
  2 fenstrider witches
  2 revenants
  Roxanne (Swamp:1)
  7 shadow dragons
  8 draconian knights
  8 azure jellies
  3 nagarajas
  9 fire giants
  5 frost giants
  4 draconian scorchers
  3 narguns (Zot:4)
  5 deep elf sorcerers
  A caustic shrike zombie (Crypt:1)
  2 balrugs
  6 ghost moths
  3 iron dragons
  A reaper (Crypt:3)
  3 cacodemons
  Aizul (Snake:2)
  14 ironbound preservers
  5 draconian annihilators
  4 deep elf elementalists (Elf:3)
  7 ghouls
  4 curse skulls
  8 draconian stormcallers
  5 spriggan defenders
  13 vault wardens
  7 draconian shifters
  15 quicksilver oozes
  20 very ugly things
  A caustic shrike skeleton (Crypt:1)
  6 vampire knights
  A quicksilver ooze (shapeshifter) (Depths:2)
  A war gargoyle (Vaults:4)
  6 orc warlords
  15 stone giants
  8 ironbound thunderhulks
  8 deep elf demonologists
  12 green draconians
  The ghost of Odimp the Protected, a journeyman KoWn of Wu Jian (Lair:4)
  10 deep elf annihilators (Elf:3)
  3 eleionomae
  A lorocyproca (Abyss:5)
  10 red draconians
  12 black draconians
  11 dire elephants
  7 bunyips
  10 yellow draconians
  16 white draconians
  The ghost of carontestyx the Unseen, a journeyman VSBr of Wu Jian (Lair:2)
  Nessos (Lair:4)
  A minotaur (Lair:2)
  10 purple draconians
  5 eidola
  7 deep elf death magi
  5 spark wasps
  2 pearl dragon zombies (Crypt:3)
  A merfolk impaler (Crypt:2)
  11 ettins
  12 fire dragons
  2 merfolk javelineers
  20 yaktaur captains
  9 jiangshi
  A shambling mangrove (Swamp:4)
  6 deep elf high priests
  11 great orbs of eyes
  33 vault guards
  6 spriggan air magi
  An entropy weaver (shapeshifter) (D:13)
  13 ice dragons
  22 hydras
  Josephine (Lair:5)
  A catoblepas (Lair:4)
  5 rakshasas
  3 death knights
  Erolcha (Orc:1)
  A hydra (shapeshifter) (Elf:1)
  7 salamander tyrants
  3 ghost crabs (Swamp:4)
  12 ironbound frosthearts
  11 centaur warriors
  The ghost of Vethrih the Protected, a novice MiCK of Xom (Lair:1)
  4 ogre magi (Orc:2)
  2 boulder beetles
  6 anacondas
  13 two-headed ogres
  31 dancing weapons
  11 death yaks
  10 alligators
  6 deep troll shamans
  4 hell hogs
  12 thrashing horrors
  5 deep troll earth magi
  8 naga warriors
  2 orc high priests
  8 shock serpents
  10 tengu warriors
  4 spriggan berserkers
  A titan zombie (Abyss:4)
  4 vampire magi
  A hell knight (Depths:3)
  4 naga sharpshooters
  14 deep elf knights
  A soul eater (Crypt:3)
  5 sun demons
  A titan skeleton (Crypt:1)
  6 wretched stars
  2 shadow wraiths
  3 spectral death yaks (Lair:5)
  6 goliath frogs
  11 iron trolls
  A skyshark (Lair:2)
  4 salamander mystics
  A skyshark (shapeshifter) (Vaults:5)
  14 skeletal warriors
  2 death drakes (Swamp:3)
  An iron giant zombie (Crypt:3)
  A death drake (shapeshifter) (Vaults:5)
  A spectral anaconda (Lair:5)
  2 glowing orange brains
  12 wizards
  4 bog bodies
  2 spriggan druids (Swamp:3)
  50 deep trolls
  3 flayed ghosts
  A spriggan simulacrum (Snake:3)
  8 deep elf archers
  13 swamp dragons
  33 deep elf zephyrmancers
  10 necromancers
  6 harpies (Vaults:2)
  7 phantasmal warriors
  8 lindwurms
  20 ironbound convokers
  29 deep elf pyromancers
  60 ugly things
  2 orc knights
  A goliath frog zombie (Crypt:3)
  6 orc sorcerers
  18 salamanders
  A mana viper (shapeshifter) (Vaults:4)
  A mana viper (Snake:1)
  A wolf spider (shapeshifter) (Vaults:5)
  7 shining eyes
  5 manticores
  4 apis skeletons (Crypt:3)
  A dire elephant zombie (Crypt:1)
  37 moths of wrath
  A fire giant zombie (Vaults:1)
  2 frost giant skeletons
  3 worldbinders
  14 elephants
  3 cyclopes
  A salamander (shapeshifter) (D:14)
  15 will-o-the-wisps
  An iron dragon skeleton (Crypt:1)
  A centaur zombie (D:15)
  A rust devil (Depths:2)
  27 black mambas
  A black mamba (shapeshifter) (D:13)
  A shock serpent skeleton (Crypt:2)
  6 guardian serpents
  4 human skeletons
  7 smoke demons
  2 titan simulacra
  A stone giant skeleton (Vaults:1)
  12 vault sentinels
  A torpor snail (Lair:4)
  23 naga magi
  An apocalypse crab (Depths:2)
  An orange demon (Abyss:5)
  An eye of devastation (Slime:4)
  5 gargoyles
  3 centaur skeletons (D:15)
  18 cane toads
  A hellion (Abyss:4)
  14 komodo dragons
  Maggie (D:9)
  26 rime drakes
  A redback zombie (D:15)
  3 kobold demonologists
  33 yaktaurs
  A catoblepas zombie (Crypt:1)
  3 tengu conjurers
  4 freezing wraiths
  3 ancient zymes
  A silent spectre (Abyss:1)
  A minotaur skeleton (Crypt:2)
  2 bloated husks (Swamp:3)
  2 merfolk (shapeshifter) (D:13)
  16 polar bears
  A guardian mummy (Crypt:3)
  A hellwing (Depths:2)
  7 hornets
  6 trolls
  3 tyrant leeches
  A queen bee (Lair:1)
  2 ettin zombies
  A shadow dragon simulacrum (Vaults:4)
  Grinder (D:3)
  Prince Ribbit (D:9)
  2 spectral elephants (Lair:5)
  7 large abominations
  9 raiju
  A harpy skeleton (Crypt:1)
  27 blink frogs
  A stone giant simulacrum (Vaults:1)
  12 flying skulls
  65 yaks
  15 water elementals
  114 slime creatures
  8 spriggans
  11 wyverns
  9 wraiths
  A shadow (D:12)
  A vampire (D:11)
  Grum (D:9)
  2 air elementals
  11 basilisks
  A ynoxinul (Abyss:5)
  A dire elephant simulacrum (Snake:3)
  4 fire bats (Depths:1)
  A steam dragon (D:6)
  7 hogs (Snake:4)
  2 fire elementals
  11 golden eyes
  A basilisk (shapeshifter) (Elf:1)
  19 vampire mosquitoes
  2 chaos spawn (Abyss:4)
  4 neqoxecs
  A death yak simulacrum (Lair:5)
  A merfolk zombie (Crypt:1)
  A minotaur simulacrum (Snake:3)
  A naga zombie (Crypt:1)
  6 wargs
  4 acid dragons
  2 spectral cane toads (Lair:5)
  43 nagas
  A fire bat skeleton (Crypt:1)
  10 swamp worms
  A glowing shapeshifter skeleton (Vaults:4)
  A floating eye (shapeshifter) (Vaults:5)
  8 water moccasins
  3 small abominations
  A merfolk skeleton (Crypt:1)
  A meliai simulacrum (D:15)
  9 swamp drakes
  3 ice beasts
  3 sky beasts
  53 orc warriors
  An elephant zombie (Lair:5)
  A swamp dragon zombie (Crypt:3)
  A black bear (D:5)
  A black mamba simulacrum (Crypt:1)
  13 starcursed masses
  23 ogres
  17 centaurs
  A dream sheep skeleton (Crypt:1)
  10 wolves
  A vine stalker zombie (Crypt:2)
  An elephant skeleton (Lair:5)
  3 phantoms
  2 draconian zombies
  4 kobold brigands
  A fire crab zombie (Crypt:2)
  Blork the orc (D:4)
  15 bullfrogs
  6 scorpions
  A gnoll sergeant (D:8)
  5 necrophages
  3 earth elementals
  A komodo dragon skeleton (Crypt:1)
  A water moccasin zombie (Crypt:3)
  5 deep troll simulacra (Snake:3)
  A warg zombie (Crypt:3)
  5 wights
  An elephant simulacrum (Lair:5)
  35 killer bees
  3 electric eels (Bailey)
  3 howler monkeys (D:9)
  2 quasits (Abyss:1)
  A hound (D:3)
  A sleepcap (D:5)
  A gnoll bouda (Orc:2)
  A jelly (D:7)
  16 orc priests
  Ijyb (D:4)
  2 iguanas (D:6)
  27 orc wizards
  10 hell rats
  A sky beast zombie (Crypt:3)
  12 mummies (Crypt:3)
  A howler monkey skeleton (Crypt:3)
  12 gnolls
  2 river rats (D:10)
  An adder (shapeshifter) (Vaults:5)
  8 adders
  A steam dragon skeleton (Crypt:1)
  4 white imps
  2 worms
  A dart slug (D:2)
  91 orcs
  4 ball pythons
  8 endoplasms
  4 giant cockroaches
  16 hobgoblins
  4 jackals (D:2)
  8 quokkas
  5 bats
  3 frilled lizards
  A frilled lizard zombie (Crypt:2)
  A gnoll zombie (Crypt:2)
  22 goblins
  A goblin zombie (Crypt:2)
  14 kobolds
  A kobold skeleton (Crypt:3)
  A quokka skeleton (Crypt:1)
  3 rats
  A river rat skeleton (Crypt:2)
  A bush (Lair:4)
  2 lurking horrors
  5 starspawn tentacles (Abyss:6)
2601 creatures vanquished.

Vanquished Creatures (collateral kills)
  11 foxfires
11 creatures vanquished.

Vanquished Creatures (others)
  A draconian knight (Depths:4)
  A polar bear (IceCv)
  2 orc wizards
  A quokka (D:13)
  1093 foxfires
  28 fungi
  74 plants
  8 starspawn tentacles
  26 withered plants (Lair:5)
1234 creatures vanquished.

Grand Total: 3846 creatures vanquished

Notes
Turn   | Place    | Note
-------+----------+-------------------------------------------
     0 | D:1      | coenern the Draconian Fire Elementalist began the quest for
                  | the Orb.
     0 | D:1      | Reached XP level 1. HP: 14/14 MP: 3/3
   293 | D:1      | Reached XP level 2. HP: 22/22 MP: 1/5
   352 | D:1      | Learned a level 2 spell: Scorch
   764 | D:1      | Reached XP level 3. HP: 27/27 MP: 1/6
   899 | D:2      | You fall into a shaft and drop 1 floor!
  1014 | D:3      | Found an ancient bone altar of Kikubaaqudgha.
  1057 | D:3      | Found an opulent altar of Gozag.
  1070 | D:3      | Reached skill level 1 in Fighting
  1070 | D:3      | Reached XP level 4. HP: 26/35 MP: 5/7
  1411 | D:3      | Found a shimmering blue altar of Sif Muna.
  1607 | D:2      | Reached skill level 1 in Long Blades
  1888 | D:4      | Noticed Blork the orc
  1898 | D:4      | Killed Blork the orc
  1899 | D:4      | Reached XP level 5. HP: 20/40 MP: 1/8
  2029 | D:4      | Noticed an ice beast
  2030 | D:4      | Noticed Grinder
  2096 | D:4      | Killed an ice beast
  2097 | D:4      | Reached XP level 6. HP: 9/48 MP: 1/10
  2106 | D:3      | Killed Grinder
  2395 | D:4      | Found a sparkling altar of Nemelex Xobeh.
  2545 | D:4      | Your scales start taking on a glossy black colour.
  2545 | D:4      | Reached XP level 7. HP: 54/55 MP: 8/11
  2545 | D:4      | Gained mutation: You are resistant to electric shocks.
                  | (rElec) [Black Draconian growth]
  2752 | D:4      | Noticed Ijyb
  2764 | D:4      | Killed Ijyb
  2991 | D:4      | Found a burning altar of Makhleb.
  2991 | D:4      | Found a sacrificial altar of Ru.
  3440 | D:5      | Entered Level 5 of the Dungeon
  3647 | D:5      | Found a staircase to the Ecumenical Temple.
  3656 | Temple   | Entered the Ecumenical Temple
  3812 | Temple   | Became a worshipper of Vehumet
  3952 | D:5      | Found a shadowy altar of Dithmenos.
  4016 | D:5      | Reached skill level 5 in Fire Magic
  4016 | D:5      | Reached skill level 1 in Evocations
  4105 | D:5      | Reached XP level 8. HP: 46/62 MP: 6/12
  4669 | D:6      | Reached skill level 5 in Conjurations
  4745 | D:6      | Found a hide-covered altar of Uskayaw.
  4830 | D:6      | Found an ornate altar of the Wu Jian Council.
  4843 | D:6      | Reached * piety under Vehumet
  4843 | D:6      | Offered knowledge of Kiss of Death by Vehumet.
  4907 | D:6      | Found Foixt's Antique Weapon Shoppe.
  4978 | D:6      | Reached XP level 9. HP: 71/71 MP: 7/14
  5393 | D:7      | Found Paecheown's Antique Weapon Shop.
  5441 | D:7      | Found a flagged portal.
  5471 | Bailey   | Entered a bailey
  5677 | Bailey   | Reached skill level 5 in Long Blades
  5688 | Bailey   | Reached ** piety under Vehumet
  5688 | Bailey   | Offered knowledge of Static Discharge by Vehumet.
  6021 | Bailey   | Noticed a kobold demonologist
  6030 | Bailey   | Noticed a rust devil
  6036 | Bailey   | Noticed a red devil
  6036 | Bailey   | Killed a kobold demonologist
  6036 | Bailey   | Identified the +4 chain mail of the Mackerel {+Inv rPois
                  | rN+ Int-4}
  6266 | Bailey   | Found the +2 hood of the Assassin {Detect Stab+ Stlth++}
  6430 | Bailey   | Reached XP level 10. HP: 57/80 MP: 1/16
  6436 | Bailey   | Learned a level 4 spell: Flame Wave
  6601 | Bailey   | Noticed an orc sorcerer
  6621 | Bailey   | Killed an orc sorcerer
  6781 | Bailey   | Found an iron altar of Okawaru.
  7142 | D:7      | Noticed a two-headed ogre
  7151 | D:7      | Killed a two-headed ogre
  7152 | D:7      | Reached skill level 5 in Fighting
  7152 | D:7      | Reached skill level 5 in Stealth
  7570 | D:8      | Offered knowledge of Searing Ray by Vehumet.
  8012 | D:8      | Reached skill level 5 in Spellcasting
  8159 | D:8      | Reached *** piety under Vehumet
  8257 | D:8      | Found a blossoming altar of Fedhas.
  8682 | D:9      | Noticed Maggie
  8733 | D:9      | Noticed Prince Ribbit
  8739 | D:9      | Killed Prince Ribbit
  8968 | D:9      | Offered knowledge of Fulminant Prism by Vehumet.
  8998 | D:9      | Found a broken altar of Ashenzari.
  9108 | D:9      | Reached skill level 1 in Shields
  9119 | D:8      | Reached skill level 5 in Dodging
  9217 | D:9      | Reached XP level 11. HP: 50/89 MP: 9/19
  9455 | D:9      | Reached **** piety under Vehumet
  9542 | D:9      | Noticed Grum
  9550 | D:9      | Killed Grum
  9846 | D:9      | Found Niumuc's Armour Boutique.
  9972 | D:9      | Noticed a tengu warrior
 10006 | D:10     | Entered Level 10 of the Dungeon
 10011 | D:10     | Noticed a tengu warrior
 10034 | D:10     | Offered knowledge of Lee's Rapid Deconstruction by Vehumet.
 10365 | D:10     | Killed a tengu warrior
 10366 | D:10     | Reached skill level 1 in Air Magic
 10585 | D:10     | Reached skill level 2 in Air Magic
 10694 | D:10     | Noticed a death yak
 10698 | D:10     | Noticed a death yak
 10763 | D:10     | Killed a death yak
 10934 | D:10     | Found a faded altar of an unknown god.
 10956 | D:10     | Paralysed by a spriggan for 4 turns
 11065 | D:10     | Found a hazy altar of Hepliaklqana.
 11236 | D:10     | Noticed a death yak
 11300 | D:10     | Killed a death yak
 11301 | D:10     | Reached skill level 3 in Air Magic
 11734 | D:9      | Killed a tengu warrior
 11906 | D:9      | Noticed Erica
 12032 | D:9      | Killed Maggie
 12357 | D:10     | Killed a death yak
 12358 | D:10     | Reached skill level 4 in Air Magic
 12358 | D:10     | Reached XP level 12. HP: 38/97 MP: 4/21
 12649 | D:10     | Found a staircase to the Lair.
 12849 | D:11     | Found Hoez's Jewellery Shoppe.
 12912 | D:11     | Found a staircase to the Orcish Mines.
 12930 | D:11     | Reached ***** piety under Vehumet
 13004 | D:11     | Offered knowledge of Airstrike by Vehumet.
 13010 | D:11     | Learned a level 4 spell: Airstrike
 13415 | D:11     | Reached skill level 5 in Evocations
 13515 | D:11     | Reached skill level 5 in Air Magic
 13784 | Lair:1   | Entered Level 1 of the Lair of Beasts
 13976 | Lair:1   | Identified the +3 battleaxe of the Reaper {drain, Int+3
                  | Dex+2}
 13989 | Lair:1   | Found a transporter.
 14014 | Lair:1   | Noticed Vethrih's ghost (novice MiCK)
 14026 | Lair:1   | Found a transporter.
 14249 | Lair:1   | Reached skill level 6 in Air Magic
 14778 | Lair:2   | Noticed a seven-headed hydra
 14789 | Lair:2   | Killed a seven-headed hydra
 14789 | Lair:2   | Found a staircase to the Swamp.
 14790 | Lair:2   | Reached skill level 10 in Conjurations
 14794 | Lair:2   | Reached skill level 10 in Fire Magic
 14912 | Lair:2   | Reached skill level 7 in Air Magic
 15085 | Lair:2   | Found a staircase to the Snake Pit.
 15113 | Lair:2   | Reached XP level 13. HP: 80/105 MP: 6/23
 15330 | Lair:2   | Noticed carontestyx's ghost (journeyman VSBr)
 15332 | Lair:2   | Noticed a minotaur
 15350 | Lair:2   | Found a runed translucent gate.
 15350 | Lair:2   | Found a runed translucent gate.
 15350 | Lair:2   | Found a runed translucent gate.
 16072 | Lair:3   | Offered knowledge of Arcjolt by Vehumet.
 16227 | Lair:3   | Reached skill level 8 in Air Magic
 16961 | Lair:3   | Reached skill level 9 in Air Magic
 17400 | Lair:4   | Noticed Nessos
 18439 | Lair:4   | Killed Nessos
 18588 | Lair:4   | Found a transporter.
 18592 | Lair:4   | Found a transporter.
 18592 | Lair:4   | Noticed Odimp's ghost (journeyman KoWn)
 18730 | Lair:4   | Found a staircase to the Slime Pits.
 18822 | Lair:4   | Reached skill level 10 in Air Magic
 18867 | Lair:4   | Gained mutation: Your large and strong wings let you fly.
                  | [Black Draconian growth]
 18867 | Lair:4   | Reached XP level 14. HP: 113/116 MP: 18/25
 20156 | Lair:5   | Entered Level 5 of the Lair of Beasts
 20974 | Lair:5   | Noticed Josephine
 21593 | Lair:5   | Reached skill level 5 in Shields
 21821 | Lair:4   | Offered knowledge of Freezing Cloud by Vehumet.
 21828 | Lair:4   | Learned a level 5 spell: Freezing Cloud
 21876 | Lair:4   | Reached skill level 11 in Air Magic
 22806 | Lair:4   | Reached skill level 1 in Ice Magic
 24350 | Lair:5   | Killed Josephine
 24975 | Orc:1    | Entered Level 1 of the Orcish Mines
 25131 | Orc:1    | Noticed an orc warlord
 25724 | D:11     | Killed an orc warlord
 25852 | Orc:1    | Reached skill level 12 in Air Magic
 26094 | Orc:1    | Offered knowledge of Iskenderun's Battlesphere by Vehumet.
 26105 | Orc:1    | Reached skill level 10 in Fighting
 26234 | Orc:2    | Entered Level 2 of the Orcish Mines
 26239 | Orc:2    | Noticed Erolcha
 26260 | Orc:1    | Killed Erolcha
 26322 | Orc:2    | Noticed an orc warlord
 26332 | Orc:1    | Reached XP level 15. HP: 96/126 MP: 25/27
 27329 | Orc:2    | Found a staircase to the Elven Halls.
 27339 | Orc:2    | Found Heoffac's Antique Armour Boutique.
 27339 | Orc:2    | Found Zaeqe's Distillery.
 27340 | Orc:2    | Found Osurirch's Jewellery Shoppe.
 27340 | Orc:2    | Found Aha Kobe's Magic Scroll Shop.
 27349 | Orc:2    | Bought a scroll of identify for 32 gold pieces
 27349 | Orc:2    | Bought a scroll of identify for 32 gold pieces
 27349 | Orc:2    | Bought a scroll of identify for 32 gold pieces
 27352 | Orc:2    | Bought a potion of cancellation for 96 gold pieces
 27355 | Orc:2    | Bought a scroll of magic mapping for 120 gold pieces
 27482 | Orc:2    | Paralysed by an orc sorcerer for 2 turns
 27493 | Orc:2    | Offered knowledge of Iron Shot by Vehumet.
 28703 | Orc:2    | Bought a potion of heal wounds for 60 gold pieces
 28703 | Orc:2    | Bought a potion of heal wounds for 60 gold pieces
 28723 | Elf:1    | Entered Level 1 of the Elven Halls
 29269 | Elf:1    | Reached skill level 13 in Air Magic
 29420 | Snake:1  | Entered Level 1 of the Snake Pit
 32056 | D:13     | Found a white marble altar of Elyvilon.
 32597 | D:13     | Found a gate to the Vaults.
 32947 | D:13     | Reached skill level 14 in Air Magic
 33021 | D:14     | Found an opulent altar of Gozag.
 33026 | D:14     | Reached skill level 5 in Ice Magic
 33088 | D:14     | Reached XP level 16. HP: 103/137 MP: 24/29
 33518 | D:15     | Entered Level 15 of the Dungeon
 34017 | D:15     | Offered knowledge of Fireball by Vehumet.
 34070 | D:15     | Noticed Rupert
 34070 | D:15     | Paralysed by Rupert for 4 turns
 34076 | D:15     | Paralysed by Rupert for 4 turns
 34481 | D:13     | Learned a level 8 spell: Maxwell's Capacitive Coupling
 35235 | Snake:1  | Reached skill level 10 in Spellcasting
 35254 | Snake:1  | Identified the +0 leather armour "Miosuth" {Will+ Regen+}
 36249 | Orc:2    | Bought the +2 shield of Resistance {rF++ rC++ Will++} for
                  | 2256 gold pieces
 36249 | Orc:2    | Found the +2 shield of Resistance {rF++ rC++ Will++}
 36375 | Snake:1  | Reached skill level 15 in Air Magic
 36990 | Snake:2  | Noticed Aizul
 37005 | Snake:2  | Killed Aizul
 38275 | Snake:3  | Noticed Jorgrun
 38290 | Snake:2  | Killed Jorgrun
 38510 | Snake:3  | Reached skill level 16 in Air Magic
 38595 | Snake:3  | Found a frozen archway.
 38706 | Snake:3  | Reached ****** piety under Vehumet
 38759 | IceCv    | Entered an ice cave
 39880 | IceCv    | Reached XP level 17. HP: 137/144 MP: 18/31
 40307 | IceCv    | Offered knowledge of Lehudib's Crystal Spear by Vehumet.
 40955 | IceCv    | Got Kacsurpha's Folio of the Dynamic Xenolith
 42454 | Snake:3  | Identified the amulet "Usch" {Acrobat rPois rF+ Str+2}
 42579 | Snake:4  | Entered Level 4 of the Snake Pit
 42794 | Snake:3  | Reached skill level 17 in Air Magic
 42916 | Snake:3  | Identified the +6 arbalest of the Coin {heavy, rElec Str+3
                  | Int+3}
 43647 | Snake:4  | Noticed Kirke
 43695 | Snake:3  | Killed Kirke
 44300 | Snake:4  | Noticed Bai Suzhen
 44557 | Snake:4  | Reached skill level 10 in Long Blades
 44956 | Snake:4  | Noticed a quicksilver dragon
 44963 | Snake:4  | Killed a quicksilver dragon
 45547 | Snake:4  | Killed Bai Suzhen
 45583 | Snake:4  | Found a sparkling altar of Nemelex Xobeh.
 45605 | Snake:4  | Offered knowledge of Chain Lightning by Vehumet.
 45605 | Snake:4  | Offered knowledge of Polar Vortex by Vehumet.
 45605 | Snake:4  | Offered knowledge of Ignition by Vehumet.
 45920 | Snake:4  | Noticed a quicksilver dragon
 45940 | Snake:4  | Killed a quicksilver dragon
 46645 | Snake:4  | Got a serpentine rune of Zot
 46776 | Swamp:1  | Entered Level 1 of the Swamp
 46776 | Swamp:1  | Noticed Roxanne
 47342 | Swamp:1  | Killed Roxanne
 47465 | Swamp:1  | Reached skill level 10 in Shields
 47583 | Swamp:1  | Reached XP level 18. HP: 149/151 MP: 25/34
 48121 | Swamp:2  | Noticed Mlioglotl
 48474 | Swamp:2  | Identified the +4 leather armour of Grace {rPois}
 49177 | Swamp:2  | Killed Mlioglotl
 49332 | Swamp:3  | Reached skill level 18 in Air Magic
 50288 | Swamp:4  | Entered Level 4 of the Swamp
 50288 | Swamp:4  | Found a transporter.
 51213 | Swamp:4  | Found a transporter.
 51715 | Swamp:4  | Noticed the 27-headed Lernaean hydra
 51759 | Swamp:4  | Killed the 27-headed Lernaean hydra
 52423 | Swamp:4  | Got a decaying rune of Zot
 52768 | Lair:2   | Killed carontestyx's ghost
 53639 | D:15     | Found a staircase to the Depths.
 53863 | D:15     | Killed Rupert
 54195 | Vaults:1 | Entered Level 1 of the Vaults
 54207 | Vaults:1 | Reached skill level 19 in Air Magic
 54336 | Vaults:1 | Reached XP level 19. HP: 158/158 MP: 34/37
 55086 | Vaults:1 | Identified the +2 leather armour "Ahoy" {-Tele rElec Dex+2
                  | Slay+2}
 55087 | Vaults:1 | Identified the +2 robe of the Orb Guardian {Int+3}
 55087 | Vaults:1 | Identified the ring "Teuxetug" {rPois rN+ Str-4 Int+9
                  | Stlth+}
 55139 | Vaults:1 | Identified the ring "Qelyhu" {MP+9 SInv}
 55939 | Vaults:1 | Found Iteiwoqaykh's General Store.
 59014 | Elf:1    | Reached skill level 20 in Air Magic
 59985 | Elf:1    | Got the Book of the Assembled Fifth Circle
 60216 | Elf:2    | Found Keixzirgh's General Store.
 60225 | Elf:2    | Found a radiant altar of Vehumet.
 60362 | Elf:2    | Found a runed translucent gate.
 60362 | Elf:2    | Found a runed translucent gate.
 60362 | Elf:2    | Found a runed translucent gate.
 61227 | Elf:2    | Reached XP level 20. HP: 170/170 MP: 28/38
 62399 | Depths:1 | Entered Level 1 of the Depths
 62416 | Depths:1 | Found Big Baal Hell's Store.
 63059 | Depths:1 | Found a gateway to Hell.
 63473 | Depths:1 | Reached skill level 15 in Conjurations
 63713 | Depths:1 | Noticed Mara
 63716 | Depths:1 | Noticed coenern's illusion
 63950 | Depths:1 | Killed Mara
 64012 | Depths:1 | Found a shadowy altar of Dithmenos.
 64044 | Depths:1 | Reached skill level 10 in Dodging
 64072 | Depths:1 | Identified the +3 falchion of Sudden Death {flame, Dex+2}
 64121 | Depths:1 | Reached skill level 15 in Spellcasting
 64126 | Depths:1 | Noticed the Enchantress
 64550 | Depths:1 | Reached skill level 21 in Air Magic
 65280 | Depths:1 | Killed the Enchantress
 65852 | Depths:2 | Found a one-way gate to the infinite horrors of the Abyss.
 65879 | Depths:2 | Noticed a golden dragon
 65887 | Depths:2 | Killed a golden dragon
 66122 | Depths:2 | Found a one-way gateway to a ziggurat.
 66141 | Depths:2 | Identified the +0 scale mail "Laekhem" {Str+2 Int-4 SInv}
 67226 | Depths:2 | Found the ring of the Octopus King {rN+ HP+2 AC+2 EV+2
                  | SH+2}
 67410 | Depths:2 | Found the +8 demon trident "Rift" {distort, reach+}
 67611 | Depths:2 | Found a one-way gate leading to the halls of Pandemonium.
 67839 | Depths:2 | Noticed a golden dragon
 67879 | Depths:2 | Killed a golden dragon
 67993 | Depths:2 | Learned a level 9 spell: Chain Lightning
 68050 | Depths:2 | Identified the +0 sling of Articulation {speed, rElec
                  | Dex+3}
 68050 | Depths:2 | Identified the +1 robe of Untold Secrets {rF+ Int+2 Dex+2}
 68089 | Depths:2 | Noticed a juggernaut
 68094 | Depths:2 | Killed a juggernaut
 68717 | Depths:3 | Reached XP level 21. HP: 171/178 MP: 24/40
 69206 | Depths:3 | You are sucked into a shaft and drop 1 floor!
 69206 | Depths:4 | Entered Level 4 of the Depths
 70766 | Depths:3 | Identified the amulet "Suqudd" {Faith *Slow rC+ Regen+
                  | Str+2}
 71736 | Depths:3 | Noticed a golden dragon
 71838 | Depths:4 | Reached skill level 22 in Air Magic
 72492 | Depths:4 | Identified the +10 falchion "Qiwadd" {freeze, MP+9}
 72882 | Depths:4 | Killed a golden dragon
 73175 | Depths:3 | Noticed a dread lich
 73180 | Depths:3 | Killed a dread lich
 73531 | Depths:4 | Noticed a golden dragon
 73532 | Depths:4 | Noticed a golden dragon
 73587 | Depths:4 | Killed a golden dragon
 73605 | Depths:4 | Killed a golden dragon
 74228 | Depths:4 | Found a gate to the Realm of Zot.
 74549 | Depths:4 | Found Noj Fuimm's Fire Supplies.
 74839 | D:11     | Bought the ring "Wegy" {rN++ Dex+6} for 695 gold pieces
 74984 | Elf:3    | Entered Level 3 of the Elven Halls
 75288 | Elf:3    | Noticed Saint Roka
 75303 | Elf:3    | Killed Saint Roka
 76264 | Elf:3    | Reached XP level 22. HP: 134/185 MP: 40/42
 77454 | Elf:3    | Identified the ring of Duohaf {Wiz Str+7}
 77976 | Elf:3    | Identified the +2 rapier "Ocuatt" {flame, Contam Will++}
 78113 | Elf:3    | Identified the +1 glaive "Dragon's Tongue" {elec, Will-
                  | rCorr Dex+4 SInv Stlth+}
 78705 | Vaults:2 | Reached skill level 23 in Air Magic
 79019 | Vaults:2 | Found a staircase to the Crypt.
 79647 | Vaults:2 | Found Wekli's Weapon Shop.
 80159 | Vaults:2 | Identified the +4 ring mail "Echem" {rC+ rCorr}
 80304 | Vaults:2 | Found Eshinam's Assorted Antiques.
 81491 | Vaults:3 | Found a transporter.
 81494 | Vaults:3 | Found a bloodstained altar of Trog.
 81494 | Vaults:3 | Noticed heteroy's ghost (veteran GrEE)
 81516 | Vaults:3 | Found a transporter.
 81568 | Vaults:3 | Noticed Nikola
 81574 | Vaults:3 | Killed Nikola
 81746 | Vaults:3 | Noticed Frederick
 81753 | Vaults:3 | Killed Frederick
 82718 | Vaults:4 | Found Toleuf's Antique Armour Shoppe.
 82728 | Vaults:4 | Bought a pair of runed boots for 307 gold pieces
 82881 | Vaults:4 | Found Neosei's General Store.
 83020 | Vaults:4 | Reached XP level 23. HP: 76/195 MP: 43/43
 83960 | Vaults:4 | Reached skill level 24 in Air Magic
 84734 | Vaults:4 | Found Itacihar's Distillery.
 84741 | Vaults:4 | Bought a potion of heal wounds for 70 gold pieces
 84741 | Vaults:4 | Bought a potion of magic for 112 gold pieces
 84741 | Vaults:4 | Bought a potion of cancellation for 112 gold pieces
 84851 | Vaults:4 | Found Egho's Jewellery Emporium.
 85163 | Orc:2    | Bought the ring of Past Mistakes {Drain rN+ Int+6 SInv} for
                  | 611 gold pieces
 85354 | Crypt:1  | Entered Level 1 of the Crypt
 85993 | Crypt:1  | You are sucked into a shaft and drop 1 floor!
 87019 | Crypt:2  | Identified the +1 flail "Tossuw" {antimagic, Dex+3}
 87132 | Crypt:2  | Found a runed translucent gate.
 87132 | Crypt:2  | Found a runed translucent gate.
 87132 | Crypt:2  | Found a runed translucent gate.
 87133 | Crypt:2  | Found an iron altar of Okawaru.
 87133 | Crypt:2  | Noticed Xenat's ghost (veteran MiGl)
 88254 | Crypt:2  | Identified the +3 cloak "Xuracol" {rN++ Will- Int+5}
 88416 | Crypt:2  | Killed Xenat's ghost
 88465 | Crypt:3  | Entered Level 3 of the Crypt
 89029 | Crypt:3  | Found a basalt altar of Yredelemnul.
 89195 | Crypt:3  | Found the +5 demon whip "Spellbinder" {antimagic, disrupt,
                  | Will+}
 89256 | Crypt:3  | Noticed a curse toe
 89259 | Crypt:3  | Killed a curse toe
 89586 | Crypt:3  | Noticed a curse toe
 89681 | Crypt:3  | Killed a curse toe
 89739 | Crypt:3  | Found a staircase to the Tomb.
 89792 | Crypt:3  | Noticed a dread lich
 89792 | Crypt:3  | Noticed a dread lich
 90111 | Crypt:3  | Reached skill level 15 in Long Blades
 90113 | Crypt:3  | Killed a dread lich
 90113 | Crypt:3  | Killed a dread lich
 90114 | Crypt:3  | Reached skill level 15 in Fighting
 90116 | Crypt:3  | Identified the ring of the Pariah {rF++ rN+ Dex+3 Stlth+}
 90116 | Crypt:3  | Identified the ring "Qynone" {rElec rF++ rN+ Dex-5}
 90116 | Crypt:3  | Identified the ring of Incredulity {rN+ Int+3 Dex+4}
 90128 | Crypt:3  | Reached XP level 24. HP: 183/206 MP: 23/44
 90385 | Vaults:5 | Entered Level 5 of the Vaults
 90388 | Vaults:5 | Reached XP level 25. HP: 210/214 MP: 44/44
 90703 | Vaults:5 | Noticed a dread lich
 90822 | Vaults:5 | Killed a dread lich
 91579 | Vaults:5 | Reached skill level 25 in Air Magic
 92423 | Vaults:5 | Identified the +2 leather armour "Guam" {-Tele rPois Str+3}
 92555 | Vaults:5 | Got a silver rune of Zot
 92640 | Vaults:5 | Identified the ring of Atofyadgh {rF+ MP+9 Dex+5}
 92728 | Vaults:5 | Identified the +8 sling "Jifit" {flame, rCorr Str+3}
 92802 | Vaults:5 | Identified the +2 morningstar "Qiubat" {chaos, rF- rN++}
 93726 | Vaults:5 | Identified the +1 plate armour "Zulubiecs" {rN+ rCorr Str+5
                  | SInv}
 94123 | Lair:4   | Killed Odimp's ghost
 94241 | Lair:1   | Killed Vethrih's ghost
 94339 | Slime:1  | Entered Level 1 of the Pits of Slime
 94434 | Slime:1  | You are sucked into a shaft and drop 1 floor!
 95941 | Slime:3  | Gained mutation: You are vulnerable to heat. (rF-) [a
                  | shining eye]
 96721 | Slime:4  | Gained mutation: You occasionally shout uncontrollably at
                  | your foes. [a shining eye]
 96724 | Slime:4  | Gained mutation: Your magical capacity is low. (-10% MP) [a
                  | shining eye]
 96993 | Slime:5  | Entered Level 5 of the Pits of Slime
 97368 | Slime:5  | Reached XP level 26. HP: 174/226 MP: 14/40
 98249 | Slime:5  | Noticed the Royal Jelly
 98276 | Slime:5  | Killed the Royal Jelly
 98436 | Slime:5  | Identified the +0 cloak of Leaqaw {Rampage Str-3 SInv}
 98458 | Slime:5  | Identified the +1 pair of boots of the Soldier {-Cast Str+3
                  | Dex+3}
 98470 | Slime:5  | Identified the ring of Runger {+Blink rElec Will+ MP-9
                  | Slay+6}
 98473 | Slime:5  | Identified the ring "Tefuuhy" {rElec Int+4 Slay+2 SInv}
 98483 | Slime:5  | Got a slimy rune of Zot
 98532 | Slime:5  | Identified the +5 whip of Okawaru's Outrage {heavy, *Slow
                  | rF++ rCorr Stlth+}
 98550 | Slime:5  | Identified the staff of death "Deir" {*Slow Fly rN+ SInv}
 98562 | Slime:5  | Identified the amulet "Qouhim" {Faith -Tele rPois Will+++
                  | Dex-5}
 98582 | Slime:5  | Identified the +0 chain mail "Gyisiul" {Regen+}
 98701 | Slime:5  | Acquired the +1 pair of boots of Vehumet's Pride {rC+ Dex+2
                  | Slay+3}
 99068 | Depths:2 | Voluntarily entered the Abyss.
 99125 | Abyss:1  | Found a corrupted altar of Lugonu.
 99245 | Abyss:1  | Paralysed by accursed screaming for 1 turns
 99623 | Abyss:5  | Reached skill level 10 in Stealth
 99738 | Depths:2 | Escaped the Abyss
 99975 | Depths:2 | Voluntarily entered the Abyss.
 99979 | Abyss:6  | Found a corrupted altar of Lugonu.
 99987 | Abyss:6  | Gained mutation: You occasionally lose the ability to read
                  | scrolls when taking damage. [a neqoxec]
100012 | Abyss:6  | Lost mutation: You occasionally lose the ability to read
                  | scrolls when taking damage. [potion of mutation]
100012 | Abyss:6  | Lost mutation: You are vulnerable to heat. (rF-) [potion of
                  | mutation]
100012 | Abyss:6  | Lost mutation: Your magical capacity is low. (-10% MP)
                  | [potion of mutation]
100012 | Abyss:6  | Gained mutation: You are frail. (-10% HP) [potion of
                  | mutation]
100012 | Abyss:6  | Gained mutation: You have large cloven feet. [potion of
                  | mutation]
100043 | Abyss:6  | Found a corrupted altar of Lugonu.
100083 | Abyss:6  | Reached skill level 1 in Necromancy
100093 | Abyss:6  | Reached skill level 1 in Earth Magic
100106 | Depths:2 | Escaped the Abyss
100399 | Depths:2 | Learned a level 5 spell: Borgnjor's Vile Clutch
100496 | Zot:1    | Entered Level 1 of the Realm of Zot
101389 | Zot:1    | Reached skill level 26 in Air Magic
102720 | Zot:2    | Reached XP level 27. HP: 162/212 MP: 33/45
103437 | Swamp:4  | Noticed Darold's ghost (adept HuVM)
103444 | Swamp:4  | Killed Darold's ghost
103470 | Swamp:4  | Identified the staff of fire "Heluq" {rF+ Will++ Dex+2}
104363 | Zot:2    | Reached skill level 5 in Necromancy
104573 | Zot:2    | Noticed octothorp's ghost (legendary OpEE)
104574 | Zot:2    | Found a runed translucent door.
105210 | Zot:3    | Found a transporter.
105252 | Zot:3    | Noticed Jofris Vesimp's ghost (legendary GnFE)
105261 | Zot:3    | Noticed Heisao's ghost (legendary TrBe)
105271 | Zot:3    | Noticed a dread lich
105271 | Zot:3    | Noticed Dawneret's ghost (master GnFi)
106183 | Zot:3    | Found a transporter.
106236 | Zot:3    | Noticed an orb of fire
106243 | Zot:3    | Killed an orb of fire
106801 | Zot:3    | Identified the +2 plate armour of Zoafusin {Dex+3}
107021 | Zot:4    | Reached skill level 5 in Earth Magic
107652 | Zot:4    | Identified the +7 double sword of Hepliaklqana's Delight
                  | {freeze, rC+++ Str-4 Dex-4 Stlth+}
108996 | Zot:5    | Entered Level 5 of the Realm of Zot
109478 | Zot:5    | Noticed a dread lich
110034 | Zot:5    | Noticed an orb of fire
110039 | Zot:5    | Killed an orb of fire
110554 | Zot:5    | Noticed a dread lich
110561 | Zot:5    | Killed a dread lich
110590 | Zot:5    | Noticed an orb of fire
110603 | Zot:5    | Killed an orb of fire
110747 | Zot:5    | Noticed a dread lich
110774 | Zot:5    | Noticed an orb of fire
110775 | Zot:5    | Killed a dread lich
110777 | Zot:5    | Killed an orb of fire
110785 | Zot:5    | Noticed an ancient lich
111140 | Zot:5    | Killed an ancient lich
111345 | Zot:5    | Reached skill level 27 in Air Magic
111352 | Zot:5    | Killed a dread lich
111366 | Zot:5    | Killed from afar by a quicksilver dragon

Illustrated notes

Levels and vault maps discovered:
D:1:      dpeg_arrival_erosion, layout_basic
D:2:      cheibrodos_old_hovel, layout_rooms
D:3:      layout_basic, lemuel_round_altar, marbit_many_paths,
          nicolae_overflow_crystal_walls
D:4:      layout_loops_corners, jmf_multi_god_temple,
          mainiacjoe_overflow_surrounded_room, minmay_fractal_squares_5,
          uniq_ijyb, uniq_blork_the_orc, uniq_grinder
D:5:      layout_cave_pools, amcnicky_altar_gilded,
          minmay_temple_entry_statues_fountains
D:6:      layout_loops_ring, old_standard_altar, nicolae_wu_jian_wuxing_cycle,
          serial_shops, nicolae_shop_tiny_waterfront
D:7:      layout_rooms, serial_shops, shop, enter_bailey_3
D:8:      layout_loops_cross, kennysheep_mini_moat
D:9:      kennysheep_big_flooded_room, layout_loops_ring,
          nicolae_ashenzari_skybound, serial_shops, nicolae_shop_scrapyard,
          uniq_prince_ribbit1, uniq_grum, uniq_erica, uniq_maggie
D:10:     layout_cross, beargit_hepliaklqana_dungeon_heroes, dpeg_lair_monsters,
          nicolae_sextant
D:11:     layout_roguey, erik_orc_3, serial_shops,
          nicolae_shop_advertising_works [nicolae_subvault_shop_adworks]
D:12:     minmay_box_of_statues, layout_gridville
D:13:     layout_gridville, david_vaults_5, minmay_misc_feat_five,
          elyvilon_altar_4
D:14:     layout_rooms, grunt_gozag_statues
D:15:     grunt_enter_depths_magical_seal, layout_loops_ring,
          minmay_misc_feat_rugged, uniq_rupert
Temple:   hellmonk_temple_flake
Lair:1:   layout_gridlike, gammafunk_ghost_berserking_beasts, special_room
          [special_room_bee]
Lair:2:   layout_regular_city, minmay_swamp_entry_worms,
          minmay_snake_entry_guardpost_medium, maelrawn_ghost_gauntlet_escape
Lair:3:   layout_roguey [special_room_mythical_zoo]
Lair:4:   layout_gridlike, slime_entry_1, gammafunk_ghost_arena,
          fungi_pond_lemuel, grunt_megastairs_2, uniq_nessos
Lair:5:   due_jungle_book, layout_small_grid, minivault_23,
          grunt_forest_stairs_basic, chequers_serial_rivers_micro_e,
          serial_bayou_shore_b, uniq_josephine
Swamp:1:  layout_basic_swamp, nicolae_swamp_triple_paths, swamp_pool4,
          nicolae_swamp_spooky_pond, uniq_roxanne
Swamp:2:  layout_basic_swamp, nicolae_swamp_round_clearing, uniq_mlioglotl
Swamp:3:  layout_basic_swamp, serial_swamp_ruin, hangedman_swamp_ruin_hall,
          hangedman_swamp_ruin_wall, evilmike_swamp_ruin_rubble_2, swamp_pool3,
          nicolae_swamp_drake_lake
Swamp:4:  swamp_old_school, layout_basic_swamp, gammafunk_ghost_abyssal_escape,
          nicolae_swamp_little_tower, infiniplex_staircase_pool_2
Snake:1:  layout_honeycomb
Snake:2:  layout_misc_corridors, serial_bayou_shore_b, grunt_megastairs_3,
          uniq_aizul
Snake:3:  layout_rooms, portal_ice_cave_entry_ice_simulacra,
          nicolae_triple_integral, grunt_megastairs_4, uniq_jorgrun
Snake:4:  hellmonk_snake_rune_quicksilver_temple, layout_cave_town, basic_altar,
          uniq_bai_suzhen, uniq_kirke
Slime:1:  cheibrodos_slime_lost_civilization_1, layout_caves
Slime:2:  layout_caves
Slime:3:  layout_caves
Slime:4:  nicolae_slime_pool, layout_caves
Slime:5
Orc:1:    layout_diamond_mine
Orc:2:    st_orc_ogre_mass, layout_caves, uniq_erolcha
Elf:1:    layout_loops_corners, minmay_elf_sorcery
Elf:2:    nicolae_elf_blades_splatter_lattice [nicolae_blade_entry_pointy_end],
          layout_loops_cross, basic_altar, serial_shops, nicolae_square_shop
Elf:3:    minmay_elf_hall_hex, layout_onion_city, minivault_26, uniq_saint_roka
Vaults:1: hangedman_vaults_slice, nicolae_vaults_storage_room_statues,
          nicolae_vaults_storage_closets_2, ontoclasm_vaults_idyll, v_misc_29,
          nicolae_vaults_storing_the_good_stuff, nicolae_vaults_cochlea,
          vaults_room_grid, ontoclasm_vaults_loading_screen,
          nicolae_vaults_double_plus_1, nicolae_vaults_theta,
          vaults_room_semicircle, layout_vaults_quadrants, serial_shops,
          nicolae_shop_tiny_real_fake_doors
Vaults:2: nicolae_vaults_taking_the_gang_shopping,
          vaults_room_grunt_arrival_ludios, hangedman_vaults_stretched_pinwheel,
          v_misc_19, nicolae_vaults_cornered_office,
          minmay_crypt_entry_simple_box, nicolae_vaults_trapezoid_lopsided_4,
          nicolae_vaults_storage_closets_1, nicolae_vaults_double_plus_2,
          nicolae_vaults_crenellated_ambush, nicolae_vaults_ring_of_whatevers,
          nicolae_vaults_closet_pinwheel_5, nicolae_vaults_trapezoid_lopsided_1,
          nicolae_vaults_theta, layout_vaults_big_room, serial_shops,
          nicolae_shop_pleasant_corner_grove
Vaults:3: gammafunk_ghost_wrathful_warriors, vaults_dpeg_cross,
          nicolae_vaults_double_plus_3, vaults_room_ringed_pool,
          nicolae_vaults_security_offices_4, v_misc_25,
          nicolae_vaults_twisting_passages, ontoclasm_vaults_spin,
          vaults_standard_mumra_lines, nicolae_vaults_trapezoid_1,
          nicolae_vaults_ellipses_ellipsis, vaults_room_pools,
          ontoclasm_vaults_ring_small, vaults_dpeg_hooks, vaults_room_pools,
          vaults_room_hallway, layout_vaults_omnibox, uniq_nikola,
          uniq_frederick
Vaults:4: nicolae_vaults_theta, v_misc_1, hangedman_vaults_maws,
          ontoclasm_vaults_idyll, nicolae_vaults_network_quinsquares
          [nicolae_vaults_network_quincunx_subvault,
          nicolae_vaults_network_quincunx_subvault,
          nicolae_vaults_network_quincunx_subvault,
          nicolae_vaults_network_quincunx_subvault],
          nicolae_vaults_security_offices_6, vaults_room_hallway,
          vaults_room_stairs_pillars, nicolae_vaults_network_s, serial_ice_m,
          dpeg_vaults_monster_box, nicolae_vaults_double_plus_1,
          nicolae_vaults_tetromino_L_1, ontoclasm_vaults_decontamination,
          layout_vaults_ring, serial_shops, nicolae_shop_window_shopping,
          nicolae_shop_tiny_waterfront, nicolae_shop_peninsula,
          nicolae_shop_crystal
Vaults:5
Crypt:1:  layout_regular_city, grunt_crypt_arrival_split
Crypt:2:  layout_misc_corridors, gammafunk_ghost_fury_of_okawaru
Crypt:3:  david_glass_crypt, layout_gridlike,
          nicolae_tomb_entry_unfolded_pyramid_orthogonal, hangedman_blasphemy,
          uniq_margery, uniq_grunn
Depths:1: layout_basic, nicolae_hell_entry_big_baal_hell,
          hangedman_abyss_or_decor_clamps, nicolae_dithmenos_the_darkroom,
          uniq_mara, uniq_enchantress
Depths:2: minmay_broken_ring, layout_cave_pools, enter_ziggurat_a, nrook_uturn,
          lightli_too_deep, rand_demon_pan_entry_5, abyss_entry
Depths:3: minmay_connected_triangles_in_corner, layout_long_grid,
          roderic_lattice_a, abyss_entry, serial_glass, glass_columns_a,
          glass_columns_a, glass_columns_a, glass_columns_a, hell_entry,
          kennysheep_inner_square, infiniplex_staircase_pillars_2,
          serial_bayou_shore_b, serial_bayou_shore_a
Depths:4: evilmike_zot_entry_basic, layout_gridlike, abyss_entry_glasseish,
          serial_rivers, chequers_serial_rivers_marsh,
          chequers_serial_rivers_marsh, chequers_serial_rivers_small_b,
          chequers_serial_rivers_marsh, chequers_serial_rivers_micro_b,
          hangedman_tar_grid_catacomb, nicolae_shop_fire_sale
          [nicolae_sub_dead_trees]
Zot:1:    layout_onion, evilmike_ambush [evilmike_ambush_outer_basic,
          evilmike_ambush_inner_basic]
Zot:2:    nicolae_zot_stationary_front, layout_basic,
          hellmonk_ghost_happy_afterlife
Zot:3:    layout_basic, nzn_ghost_randoct, hangedman_player_shredder
Zot:4:    kennysheep_room_grid, layout_misc_corridors,
          nicolae_rock_paper_scissors
Zot:5:    layout_gridlike

Skill      XL: |  1  2  3  4  5  6  7  8  9 10 11 12 13 14 15 16 17 18 19 20 21 22 23 24 25 26 27 |
---------------+----------------------------------------------------------------------------------+-----
Stealth        | 2 3 4 5 7 9 11 13 | 13.0
Dodging        | 2 3 4 5 6 7 8 9 10 11 12 14 | 14.0
Conjurations   | 2 3 4 5 6 7 8 10 11 12 14 16 18 19 20 21 22 | 22.7
Fighting       | 1 2 3 4 5 6 7 8 10 11 12 13 14 15 16 17 18 | 18.7
Long Blades    | 1 2 3 4 5 6 7 9 10 11 12 13 14 15 16 | 16.0
Fire Magic     | 4 5 6 7 8 9 10 | 10.7
Spellcasting   | 3 4 5 6 7 8 9 10 12 14 15 16 17 18 19 | 19.6
Evocations     | 1 2 3 4 5 7 8 |  8.8
Shields        | 2 4 6 7 8 10 | 10.0
Air Magic      | 4 7 10 12 14 16 17 19 20 21 22 23 24 25 26 27 | 27.0
Ice Magic      | 2 5 |  5.5
Necromancy     | 4 7 |  7.0
Earth Magic    | 3 6 |  6.8

Action                     |  1- 3 |  4- 6 |  7- 9 | 10-12 | 13-15 | 16-18 | 19-21 | 22-24 | 25-27 || total
---------------------------+-------+-------+-------+-------+-------+-------+-------+-------+-------++-------
  Melee: Dagger            |    47 |       |       |       |       |       |       |       |       ||    47
         Tailslap          |    13 |     7 |    36 |    55 |   141 |   160 |   188 |   142 |   253 ||   995
         Unarmed           |     1 |       |       |       |       |       |       |       |       ||     1
         Punch             |     1 |       |     2 |       |       |       |       |       |       ||     3
         Rapier            |     9 |    63 |   217 |   306 |   441 |       |       |       |       ||  1036
         Staff             |       |       |       |     2 |       |       |       |   101 |     2 ||   105
         Scimitar          |       |       |       |       |    96 |   731 |   345 |       |       ||  1172
         Demon blade       |       |       |       |       |       |       |   473 |   182 |       ||   655
         Double sword      |       |       |       |       |       |       |       |   324 |   921 ||  1245
   Cast: Foxfire           |    33 |    20 |   105 |   186 |   207 |    14 |     3 |     5 |    14 ||   587
         Scorch            |     3 |    12 |    70 |   149 |   200 |    46 |     5 |     2 |       ||   487
         Flame Wave        |       |       |       |    53 |   103 |    65 |    31 |     2 |     7 ||   261
         Airstrike         |       |       |       |     3 |   196 |   342 |   263 |    99 |    47 ||   950
         Freezing Cloud    |       |       |       |       |    51 |   206 |   211 |    53 |    16 ||   537
         Maxwell's Capacit |       |       |       |       |       |    18 |    41 |    25 |    26 ||   110
         Chain Lightning   |       |       |       |       |       |       |       |    95 |   270 ||   365
         Borgnjor's Vile C |       |       |       |       |       |       |       |       |     5 ||     5
Ability: Breathe Lightning |       |       |     6 |     6 |     4 |     2 |     3 |     1 |     1 ||    23
  Evoke: Wand              |       |     1 |     4 |     2 |     7 |     1 |     1 |       |     3 ||    19
         Phial of floods   |       |       |       |       |       |     1 |     1 |       |     1 ||     3
    Use: Potion            |       |       |     1 |     1 |     2 |     4 |     6 |     1 |     5 ||    20
         Scroll            |       |       |       |    12 |    14 |     8 |     6 |     9 |    13 ||    62
   Stab: Sleeping          |     1 |     1 |     1 |     4 |     5 |     4 |     9 |     6 |    10 ||    41
         Paralysed         |       |     4 |     3 |       |     4 |       |       |       |     1 ||    12
         Distracted        |       |       |       |       |       |     1 |     1 |     5 |     9 ||    16
 Armour: Skin              |    17 |    22 |    67 |   121 |   329 |   484 |   392 |   218 |   376 ||  2026
  Dodge: Dodged            |    59 |    52 |   240 |   468 |   870 |   746 |   706 |   358 |   850 ||  4349
  Block: Buckler           |       |       |       |   112 |    28 |       |       |       |       ||   140
         Kite shield       |       |       |       |       |   505 |   707 |   795 |   410 |   751 ||  3168
